 Dungeon Crawl Stone Soup version 0.21.1-1-g345015f (webtiles) character file.

122 letownia2 the Destroyer (level 5, -1/28 HPs)
             Began as a Tengu Conjurer on Mar 5, 2018.
             Slain by a scorpion (4 damage)
             ... on level 5 of the Dungeon.
             The game lasted 00:06:03 (1208 turns).

letownia2 the Destroyer (Tengu Conjurer)            Turns: 1208, Time: 00:06:03

Health: -1/28      AC:  3    Str:  8    XL:     5   Next: 6%
Magic:  8/9        EV: 14    Int: 22    God:
Gold:   165        SH:  5    Dex: 14    Spells: 2/8 levels left

rFire    + . .     SeeInvis .   i - +0 short sword
rCold    + . .     Gourm    .   (no shield)
rNeg     . . .     Faith    .   n - +0 leather armour
rPois    .         Spirit   .   (helmet restricted)
rElec    .         Reflect  +   q - scarf {rC+ rF+}
rCorr    .         Harm     .   (no gloves)
MR       +....                  (boots unavailable)
Stlth    ++........             g - +5 amulet of reflection
HPRegen  0.09/turn              m - ring of protection from magic
MPRegen  0.11/turn              (no ring)

@: brilliant, lethally poisoned (-1 -> -13), flying quickly and evasively, quick
A: beak, talons 3, able to fly 1
a: no special abilities


You were on level 5 of the Dungeon.
You were not hungry.

You visited 1 branch of the dungeon, and saw 5 of its levels.

You collected 165 gold pieces.

Inventory:

Hand Weapons
 i - a +0 short sword (weapon)
Armour
 a - a +0 robe
 f - a +0 buckler
 n - a +0 leather armour (worn)
 q - a scarf of resistance (worn)
 s - a cursed -2 ring mail
Jewellery
 g - a +5 amulet of reflection (around neck)
 m - a ring of protection from magic (left hand)
 r - an uncursed amulet of the gourmand
 v - a +5 amulet of reflection
Wands
 k - a wand of random effects (15)
Scrolls
 d - a scroll of noise {unknown}
 j - 2 scrolls of magic mapping {unknown}
 l - a scroll of amnesia {unknown}
 o - a scroll of teleportation {unknown}
 p - a scroll of blinking {unknown}
 u - a scroll of remove curse {unknown}
Potions
 h - a potion of brilliance
 t - a potion of berserk rage {unknown}
Books
 b - a book of Conjurations

   Spells                             Type                      Level
   a - Magic Dart                     Conjuration                  1
   b - Searing Ray                    Conjuration                  2
   c - Dazzling Spray                 Conjuration/Hexes            3
   d - Fulminant Prism                Conjuration/Hexes            4
   e - Force Lance                    Conjuration/Translocation    4
   f - Iskenderun's Mystic Blast      Conjuration                  4
Comestibles
 c - 5 rations


   Skills:
 - Level 2.1 Dodging
 - Level 2.0 Stealth
 - Level 2.0 Spellcasting
 + Level 8.2 Conjurations


You had 2 spell levels left.
You knew the following spells:

 Your Spells              Type           Power        Failure   Level  Hunger
a - Magic Dart            Conj           ####         1%          1    #......
l - Searing Ray           Conj           ######       1%          2    ##.....
x - Dazzling Spray        Conj/Hex       ####..       1%          3    ###....


Dungeon Overview and Level Annotations

Branches:
Dungeon (5/15)
 Temple: D:4-7

Altars:
Ashenzari
Gozag
Qazlal
Sif Muna
The Shining One

Annotations:
D:3 letownia2's ghost, weakling TeFE


Innate Abilities, Weirdness & Mutations

You have a beak for a mouth.
You have claws for feet.
You can fly.


Message History

Evoke which item? (* to show all) (? for menu, Esc to quit)
Aiming: Random Effects
Press: ? - help, Shift-Dir - straight line Nothing appears to happen.
* * * LOW HITPOINT WARNING * * *
You feel sick.
Unknown command.
Unknown command.
Unknown command.
It was a potion of brilliance.
You feel clever all of a sudden.
* * * LOW HITPOINT WARNING * * *
You feel sick.
Unknown command.
It was a potion of flight.
You feel very buoyant.
You swoop lightly up into the air.
* * * LOW HITPOINT WARNING * * *
You feel sick. Something stings you.
You die...

#.#.._...#
#...#.#..#
#####....#
####.# #.# #.#
#######.####.#
.............#
#######@######
#.........
##########


There were no monsters in sight!

Vanquished Creatures
  A bullfrog skeleton (D:4)
  Ijyb (D:5)
  A worker ant zombie (D:5)
  2 oozes
  An adder skeleton (D:4)
  2 worms
  2 dart slugs
  2 leopard geckos (D:4)
  3 orcs (D:4)
  3 bats
  2 jackals (D:4)
  6 kobolds
  A ball python (D:3)
  3 frilled lizards (D:1)
  3 goblins
  A jackal zombie (D:5)
  2 rats (D:1)
36 creatures vanquished.

Notes
Turn   | Place    | Note
-------+----------+-------------------------------------------
     0 | D:1      | letownia2 the Tengu Conjurer began the quest for the Orb.
     0 | D:1      | Reached XP level 1. HP: 10/10 MP: 4/4
   131 | D:2      | Reached skill level 6 in Conjurations
   131 | D:2      | Reached XP level 2. HP: 15/15 MP: 0/6
   237 | D:1      | Learned a level 2 spell: Searing Ray
   322 | D:3      | Reached XP level 3. HP: 19/19 MP: 3/7
   327 | D:3      | Learned a level 3 spell: Dazzling Spray
   362 | D:3      | Noticed letownia2's ghost (weakling TeFE)
   374 | D:3      | Found a deep blue altar of Sif Muna.
   436 | D:4      | Found a shattered altar of Ashenzari.
   534 | D:3      | Found a stormy altar of Qazlal.
   569 | D:4      | Found an opulent altar of Gozag.
   681 | D:4      | Reached skill level 7 in Conjurations
   858 | D:4      | Found a glowing golden altar of the Shining One.
   896 | D:5      | Entered Level 5 of the Dungeon
   938 | D:4      | Reached XP level 4. HP: 23/24 MP: 6/8
  1102 | D:5      | Noticed Ijyb
  1135 | D:5      | Killed Ijyb
  1135 | D:5      | Reached skill level 8 in Conjurations
  1135 | D:5      | Gained mutation: You can fly. [Tengu growth]
  1135 | D:5      | Reached XP level 5. HP: 23/28 MP: 1/9
  1182 | D:5      | Found a shattered altar of Ashenzari.
  1208 | D:5      | Slain by a scorpion

Skill      XL: |  1  2  3  4 |
---------------+-------------+-----
Conjurations   | 6 7 8 |  8.2
Dodging        | |  2.1
Stealth        | |  2.0
Spellcasting   | |  2.0

Action                   |  1- 3 |  4- 6 || total
-------------------------+-------+-------++-------
Melee: Unarmed           |     8 |       ||     8
       Kick              |    11 |     1 ||    12
       Short sword       |    24 |     2 ||    26
       Peck              |     4 |     1 ||     5
 Cast: Magic Dart        |    37 |     1 ||    38
       Searing Ray       |     3 |     3 ||     6
Evoke: Wand              |       |    12 ||    12
  Use: Potion            |       |     2 ||     2
 Stab: Sleeping          |     2 |       ||     2
  Eat: Chunk             |     1 |     1 ||     2
Armor: Robe              |     1 |       ||     1
       Leather armour    |     3 |     2 ||     5
Dodge: Dodged            |    14 |     3 ||    17
Block: Other             |     7 |     4 ||    11
